 Dungeon Crawl Stone Soup version 0.22.1-1-ga44c0e56f4 (webtiles) character file.

81 Gargoyl the Skirmisher (level 4, 0/38 HPs)
             Began as a Centaur Abyssal Knight on Nov 10, 2018.
             Was a Believer of Lugonu.
             Slain by an orc priest
             ... wielding a +0 mace
              (4 damage)
             ... on level 3 of the Dungeon.
             The game lasted 00:02:52 (2467 turns).

Gargoyl the Skirmisher (Centaur Abyssal Knight)     Turns: 2467, Time: 00:02:53

Health: 0/38       AC:  8    Str: 14    XL:     4   Next: 20%
Magic:  5/5        EV:  4    Int: 16    God:    Lugonu [**....]
Gold:   132        SH:  0    Dex: 10    Spells: 3/3 levels left

rFire    . . .     SeeInvis .   a - +1 hand axe
rCold    . . .     Gourm    .   (no shield)
rNeg     . . .     Faith    .   d - +0 chain mail
rPois    .         Spirit   .   (no helmet)
rElec    .         Reflect  .   m - +0 cloak
rCorr    .         Harm     .   (no gloves)
MR       .....                  (no barding)
Stlth    ..........             (no amulet)
HPRegen  0.12/turn              q - +5 ring of intelligence
MPRegen  0.09/turn              (no ring)

@: very quick
A: large, hooves 3, deformed body, speed 2, tough skin 3
a: Depart the Abyss, Bend Space, Renounce Religion


You were on level 3 of the Dungeon.
You worshipped Lugonu.
Lugonu was pleased with you.
You were near starving.

You visited 1 branch of the dungeon, and saw 3 of its levels.
You visited the Abyss 1 time.

You collected 132 gold pieces.

Inventory:

Hand Weapons
 a - a +1 hand axe (weapon)
Missiles
 p - 6 tomahawks of returning (quivered)
Armour
 d - a +0 chain mail (worn)
 m - a +0 cloak (worn)
Jewellery
 q - a +5 ring of intelligence (left hand)
Wands
 e - a wand of polymorph (9)
Scrolls
 g - 3 scrolls of identify
 h - a scroll of amnesia
 j - 3 scrolls of remove curse {unknown}
 k - a scroll of teleportation {unknown}
 l - a scroll of enchant armour {unknown}
 n - a scroll of enchant weapon {unknown}
 o - a scroll of fear {unknown}
Potions
 b - a potion of might {unknown}
 f - a potion of curing
 i - 2 potions of degeneration {unknown}
Comestibles
 c - 8 rations


   Skills:
 + Level 3.5 Fighting
 + Level 2.6 Axes
 * Level 2.4 Armour
 + Level 0.6 Dodging
 * Level 2.2 Invocations


You had 3 spell levels left.
You didn't know any spells.
Your spell library was empty.

Dungeon Overview and Level Annotations

Branches:
Dungeon (3/15)

Altars:


Innate Abilities, Weirdness & Mutations

You have hooves in place of feet.
Armour fits poorly on your strangely shaped body.
You cover ground very quickly.
You have extremely tough skin. (AC +3)


Message History

The orc priest calls upon Beogh to heal the orc.
The orc's wounds heal themselves!
The giant cockroach bites you but does no damage.
The orc hits you but does no damage.
The orc priest calls down the wrath of Beogh upon you.
Pain shoots through your body!
The goblin throws a throwing net.
The throwing net hits you.
You become entangled in the net!
You see here a throwing net.
You struggle against the net.
The orc hits you but does no damage. The giant cockroach bites you.
You tear a large gash into the net.
The orc priest hits you with a mace.
The giant cockroach bites you but does no damage.
Unknown command.
You shred the net and break free! The goblin hits you but does no damage.
The giant cockroach bites you.
The orc priest calls down the wrath of Beogh upon you.
Beogh smites you!
* * * LOW HITPOINT WARNING * * *
The orc priest hits you with a mace.
You die...

.. # ♣.. g
... .# #.. .#
####.. #.#
#.....##
###..#
#...###...#
#..oo@<...#
#..sg†....#
#..)..%...#
#...†.....#
#....?....#
#..........#
#######.##...
......$
#..#####


You could see an orc priest, an orc, a giant cockroach and a goblin.

Vanquished Creatures
  2 adders (D:2)
  A worm (D:2)
  A dart slug (D:2)
  A leopard gecko (D:1)
  2 orcs
  A ball python (D:2)
  5 giant cockroaches
  3 goblins
  4 hobgoblins
  6 jackals
  2 quokkas (D:2)
  A frilled lizard (D:2)
  5 kobolds
  23 rats
57 creatures vanquished.

Notes
Turn   | Place    | Note
-------+----------+-------------------------------------------
     0 | Abyss:1  | Gargoyl the Centaur Abyssal Knight began the quest for the
                  | Orb.
     0 | Abyss:1  | Reached XP level 1. HP: 19/19 MP: 2/2
    67 | Abyss:2  | Noticed a large abomination
    67 | Abyss:2  | Noticed a starcursed mass
    68 | Abyss:2  | Noticed a starcursed mass
    69 | Abyss:2  | Noticed an ancient zyme
    70 | Abyss:2  | Noticed a chaos spawn
    71 | Abyss:2  | Noticed a large abomination
    72 | Abyss:2  | Noticed a starcursed mass
    73 | Abyss:2  | Noticed a wretched star
    73 | Abyss:2  | Noticed a worldbinder
   130 | Abyss:3  | Noticed a blizzard demon
   131 | D:1      | Escaped the Abyss
   505 | D:1      | Reached XP level 2. HP: 23/26 MP: 3/3
   512 | D:1      | Reached * piety under Lugonu
  1273 | D:2      | Reached XP level 3. HP: 27/31 MP: 4/4
  1670 | D:2      | Reached ** piety under Lugonu
  2258 | D:2      | Reached XP level 4. HP: 17/38 MP: 5/5
  2467 | D:3      | Slain by an orc priest

Skill      XL: |  1  2  3 |
---------------+----------+-----
Axes           | 2 |  2.6
Armour         | 2 |  2.4
Fighting       | |  3.5
Dodging        | |  0.6
Invocations    | |  2.2

Action                   |  1- 3 |  4- 6 || total
-------------------------+-------+-------++-------
Melee: Hand axe          |   138 |    19 ||   157
       Kick              |    20 |     6 ||    26
Invok: Depart the Abyss  |     1 |       ||     1
       Bend Space        |     1 |       ||     1
  Use: Scroll            |     2 |       ||     2
       Potion            |     1 |       ||     1
  Eat: Chunk             |     2 |       ||     2
Armor: Chain mail        |   120 |    18 ||   138
Dodge: Dodged            |    37 |     4 ||    41
